 Dungeon Crawl Stone Soup version 0.21.1-1-g345015fe64 (webtiles) character file.

71442 Rrauwl the Martial Artist (level 14, -2/129 HPs)
             Began as a Grey Draconian Transmuter on Mar 10, 2018.
             Was the Champion of Okawaru.
             Slain by a death knight
             ... wielding a +1 broad axe
              (14 damage)
             ... on level 15 of the Dungeon on Mar 11, 2018.
             The game lasted 01:47:46 (30775 turns).

Rrauwl the Martial Artist (DrTm)                   Turns: 30775, Time: 01:47:46

Health: -2/129     AC: 15    Str: 13    XL:     14   Next: 97%
Magic:  0/24       EV: 21    Int: 15    God:    Okawaru [******]
Gold:   1080       SH:  0    Dex: 13    Spells: 3/26 levels left

rFire    . . .     SeeInvis +     - Unarmed
rCold    . . .     Gourm    .   (shield currently unavailable)
rNeg     . . .     Faith    .   (armour unavailable)
rPois    .         Spirit   +   p - +2 hat {MR+}
rElec    .         Reflect  .   K - scarf {Spirit}
rCorr    .         Harm     .   (gloves currently unavailable)
MR       +....                  (no boots)
Stlth    +++.......             H - amulet of regeneration
HPRegen  0.71/turn              s - ring of see invisible
MPRegen  0.19/turn              y - +4 ring of slaying

@: blade hands (expiring), vulnerable, heroism
A: walk through water, unfitting armour, dopey 1, robust 1, unbreathing,
evolution 1, cold-blooded, AC +13
a: End Transformation, Heroism, Finesse, Renounce Religion


You were on level 15 of the Dungeon.
You worshipped Okawaru.
Okawaru was exalted by your worship.
You were hungry.
You had blades for hands.
You visited 3 branches of the dungeon, and saw 22 of its levels.
You also visited: Ossuary and Ice Cave.

You collected 1405 gold pieces.
You spent 325 gold pieces at shops.

Inventory:

Hand Weapons
 b - the +10 hunting sling of Prescription {flame, rElec}
   (You found it on level 1 of the Lair of Beasts)

   It causes projectiles fired from it to burn those they strike, causing extra
   injury to most foes and up to half again as much damage against particularly
   susceptible opponents.
   It insulates you from electricity.
Missiles
 a - 335 arrows
 x - 105 sling bullets
Armour
 h - the +2 shield of the Solstice {rN++}
   (Okawaru gifted it to you on level 14 of the Dungeon)

   It greatly protects you from negative energy.
 p - a +2 hat of magic resistance (worn)
 K - a scarf of spirit shield (worn)
 S - the +0 pair of gloves of Riomith (melded) {MR++ Int+3}
   (You found it on level 13 of the Dungeon)

   It affects your intelligence (+3).
   It affects your resistance to hostile enchantments.
Jewellery
 g - an uncursed ring of wizardry
 s - a ring of see invisible (left scythe-like blade)
 y - a +4 ring of slaying (right scythe-like blade)
 D - an uncursed amulet of rage
 H - an amulet of regeneration (around neck)
 L - an uncursed amulet of faith
 Q - an uncursed ring of positive energy
Wands
 f - a wand of random effects (29)
 j - a wand of enslavement (15)
 m - a wand of disintegration (39)
 q - a wand of paralysis (10)
 t - a wand of flame (13)
 B - a wand of acid (6)
 G - a wand of digging (25)
 I - a wand of polymorph (14)
Scrolls
 d - 6 scrolls of fog
 i - 18 scrolls of identify
 n - 15 scrolls of remove curse
 r - 9 scrolls of teleportation
 u - a scroll of fear
 v - 5 scrolls of magic mapping
 F - a scroll of immolation
 J - 2 scrolls of enchant armour
 T - a scroll of summoning
Potions
 c - 6 potions of flight
 k - 2 potions of heal wounds
 o - 6 potions of curing
 w - 5 potions of resistance
 z - a potion of brilliance
 A - a potion of berserk rage
 C - 3 potions of ambrosia
 N - 3 potions of cancellation
 V - a potion of magic
Books
 E - a Fen Folio

   Spells                             Type                      Level
   a - Corpse Rot                     Necromancy                   2
   b - Stone Arrow                    Conjuration/Earth            3
   c - Leda's Liquefaction            Hexes/Earth                  4
   d - Summon Forest                  Summoning/Translocation      5
   e - Hydra Form                     Transmutation                6
   f - Summon Hydra                   Summoning                    7
 M - a book of Frost

   Spells                             Type                      Level
   a - Freeze                         Ice                          1
   b - Throw Frost                    Conjuration/Ice              2
   c - Ozocubu's Armour               Charms/Ice                   3
   d - Throw Icicle                   Conjuration/Ice              4
   e - Summon Ice Beast               Ice/Summoning                4
 O - a book of Transfigurations

   Spells                             Type                      Level
   a - Irradiate                      Conjuration/Transmutation    5
   b - Statue Form                    Transmutation/Earth          6
   c - Hydra Form                     Transmutation                6
   d - Dragon Form                    Transmutation                7
 R - a Young Poisoner's Handbook

   Spells                             Type                      Level
   a - Sting                          Conjuration/Poison           1
   b - Poisonous Vapours              Poison/Air                   2
   c - Mephitic Cloud                 Conjuration/Poison/Air       3
   d - Olgreb's Toxic Radiance        Poison                       4
   e - Venom Bolt                     Conjuration/Poison           5
 W - a book of Minor Magic

   Spells                             Type                      Level
   a - Magic Dart                     Conjuration                  1
   b - Blink                          Translocation                2
   c - Call Imp                       Summoning                    2
   d - Slow                           Hexes                        2
   e - Conjure Flame                  Conjuration/Fire             3
   f - Mephitic Cloud                 Conjuration/Poison/Air       3
Miscellaneous
 l - a lightning rod (4/4)
 P - a sack of spiders
Comestibles
 e - 15 rations
 U - 3 chunks of flesh


   Skills:
 + Level 9.6(14.6) Fighting
 + Level 9.4(14.4) Dodging
 + Level 13.9(18.9) Unarmed Combat
 + Level 6.6 Spellcasting
 + Level 1.3 Translocations
 + Level 13.7 Transmutations
 + Level 9.6 Invocations
 + Level 6.8 Evocations


You had 3 spell levels left.
You knew the following spells:

 Your Spells              Type           Power        Failure   Level  Hunger
a - Beastly Appendage     Tmut           #####.       5%          1    None
b - Sticks to Snakes      Tmut           #####...     6%          2    None
c - Blade Hands           Tmut           #####.....   17%         5    #####..
d - Hydra Form            Tmut           #####.....   38%         6    #######
e - Dragon Form           Tmut           #####.....   78%         7    #######
f - Blink                 Tloc           N/A          50%         2    None


Dungeon Overview and Level Annotations

Branches:
Dungeon (15/15)            Temple (1/1) D:6            Lair (6/6) D:8
  Swamp (0/4) Lair:2       Spider (0/4) Lair:2        Slime (0/5) Lair:5
    Orc (0/2) D:12         Vaults (0/5) D:14
 Depths: D:15

Altars:
Ashenzari
Cheibriados
Dithmenos
Elyvilon
Fedhas
Gozag
Hepliaklqana
Kikubaaqudgha
Makhleb
Nemelex Xobeh
Okawaru
Qazlal
Ru
Sif Muna
Trog
Uskayaw
Vehumet
Wu Jian
Xom
Yredelemnul
Zin
The Shining One

Shops:
D:4 ?   D:9 !


Innate Abilities, Weirdness & Mutations

You can walk through water.
Your dull iron-grey scales are very hard. (AC +13)
You cannot fit into any form of body armour.
You can survive without breathing.
You are cold-blooded and may be slowed by cold attacks.
You are dopey. (Int -2)
You are robust. (+10% HP)
You evolve.


Message History

The death knight offers itself to Yredelemnul, and fills with unholy energy.
You slice the wraith!!
The wraith is severely damaged.
The wraith misses you.
You shred the wraith!!!
You destroy the wraith!
Okawaru accepts your kill.
Your transformation is almost over.
The orc warrior hits you from afar with a halberd!!
* * * LOW HITPOINT WARNING * * *
You feel much better.
The orc no longer looks unusually strong.
The orc warrior hits you from afar with a halberd.
* * * LOW HITPOINT WARNING * * *
You shred the death knight!!!
The death knight is heavily wounded.
The death knight reflects your damage back at you!
* * * LOW HITPOINT WARNING * * *
The death knight hits you with an enchanted broad axe!
You die...

#..§...#
#....#..Wp..#
#...........# ####
#..... .....#.....
#..... .W..+.....
#....####p#......=
#....#..oWo....#
#....#..oo...###
#...@#)....###
#...p##§.###
#..oo#...#
#........#
#........#
#........##....
#........##....
#........##....
#........##.... #


You could see a death knight, an orc warrior and an orc.

Vanquished Creatures
  A reaper (IceCv)
  A fire dragon (Lair:6)
  A vault guard (D:14)
  A catoblepas (Lair:6)
  7 hydras
  A centaur warrior (D:14)
  2 death knights
  A tengu warrior (D:12)
  7 two-headed ogres
  Nergalle (Lair:3)
  2 unseen horrors
  A swamp dragon (Lair:6)
  A wizard (D:14)
  A phantasmal warrior (D:15)
  A necromancer (D:14)
  An orb spider (Lair:2)
  2 lindwurms (Lair:5)
  An orc knight (D:15)
  3 oklob plants (Lair:1)
  12 ugly things
  An orc sorcerer (D:15)
  5 cyclopes
  An elephant (Lair:5)
  3 black mambas
  2 gargoyles
  2 ice statues (IceCv)
  2 centaur skeletons
  8 spiny frogs
  6 kobold demonologists
  A freezing wraith (D:12)
  5 komodo dragons
  An efreet (D:13)
  4 rime drakes
  6 ice devils (IceCv)
  A polar bear (Lair:5)
  2 trolls
  3 meliai (D:14)
  2 slime creatures (D:9)
  8 hippogriffs
  6 dream sheep (Lair:5)
  12 blink frogs
  A vampire (D:15)
  A shadow (D:10)
  3 wraiths
  22 yaks
  3 wyverns (D:13)
  5 basilisks
  21 humans (D:14)
  Eustachio (D:5)
  4 hungry ghosts
  14 vampire mosquitoes
  3 wargs (D:12)
  2 acid dragons
  28 water moccasins
  11 porcupines
  4 orc warriors
  3 sky beasts
  3 black bears
  2 ice beasts (D:11)
  5 swamp drakes
  A necrophage (D:9)
  5 ogres
  8 centaurs
  22 crocodiles
  4 big kobolds
  12 bullfrogs
  A wyvern zombie (D:12)
  A wyvern skeleton (D:15)
  16 scorpions
  6 killer bees (D:8)
  An electric eel (Lair:5)
  22 wights
  2 howler monkeys (D:5)
  8 crimson imps
  5 centaur zombies
  A bullfrog zombie (D:13)
  3 bullfrog skeletons
  3 orc priests
  9 hounds
  5 jellies
  3 iguanas
  Natasha (D:3)
  10 orc wizards
  7 worker ants
  A killer bee zombie (D:10)
  2 big kobold zombies (Ossuary)
  3 hound skeletons
  3 mummies
  A howler monkey zombie (D:10)
  28 adders
  3 scorpion zombies (Ossuary)
  6 shadow imps
  9 white imps (IceCv)
  7 ufetubi (IceCv)
  An ooze (D:1)
  An adder zombie (D:8)
  5 worms
  4 dart slugs
  5 leopard geckos
  34 orcs
  12 bats
  9 giant cockroaches
  2 gnoll zombies (Ossuary)
  4 goblins
  7 hobgoblins
  26 kobolds
  2 quokkas
  A ball python (D:3)
  A ball python zombie (D:6)
  2 frilled lizards (D:2)
  A goblin zombie (Ossuary)
  4 hobgoblin zombies (Ossuary)
  2 jackal skeletons
  6 kobold zombies
  A leopard gecko zombie (D:6)
  4 orc zombies
  7 rats
  4 fungi (Lair:1)
  10 plants
639 creatures vanquished.

Vanquished Creatures (collateral kills)
  An oklob plant (Lair:1)
  A phantom (D:4)
  Natasha (D:3)
  A plant (Lair:1)
4 creatures vanquished.

Vanquished Creatures (others)
  A mummy (Ossuary)
  6 white imps (IceCv)
  An ufetubus (IceCv)
  12 fungi
  28 plants
  7 toadstools (Lair:5)
55 creatures vanquished.

Grand Total: 698 creatures vanquished

Notes
Turn   | Place    | Note
-------+----------+-------------------------------------------
     0 | D:1      | Rrauwl the Draconian Transmuter began the quest for the Orb.
     0 | D:1      | Reached XP level 1. HP: 16/16 MP: 3/3
   199 | D:1      | Reached XP level 2. HP: 21/23 MP: 5/5
   626 | D:1      | Reached XP level 3. HP: 20/29 MP: 6/6
  1696 | D:3      | Reached XP level 4. HP: 33/37 MP: 7/7
  1944 | D:3      | Learned a level 2 spell: Sticks to Snakes
  2596 | D:3      | Noticed Natasha
  2612 | D:3      | Killed Natasha
  2781 | D:3      | Noticed Natasha
  2794 | D:3      | Killed Natasha
  3067 | D:3      | Reached XP level 5. HP: 45/45 MP: 8/8
  3528 | D:4      | Noticed a phantom
  3565 | D:4      | Reached XP level 6. HP: 30/51 MP: 6/9
  3927 | D:4      | Found Puodghyn's Magic Scroll Emporium.
  3932 | D:4      | Bought a scroll of noise for 10 gold pieces
  3932 | D:4      | Bought a scroll of enchant weapon for 75 gold pieces
  3965 | D:4      | Found a blossoming altar of Fedhas.
  4053 | D:4      | Reached skill level 5 in Unarmed Combat
  4252 | D:4      | Learned a level 5 spell: Blade Hands
  4378 | D:5      | Entered Level 5 of the Dungeon
  4632 | D:5      | Reached skill level 1 in Evocations
  4632 | D:5      | Your scales start taking on a dull iron-grey colour.
  4632 | D:5      | Reached XP level 7. HP: 50/59 MP: 5/10
  4632 | D:5      | Gained mutation: You can survive without breathing. [Grey Draconian growth]
  4707 | D:5      | Noticed Eustachio
  4712 | D:5      | Killed Eustachio
  4712 | D:5      | Reached skill level 5 in Transmutations
  5435 | D:6      | Found a staircase to the Ecumenical Temple.
  5468 | Temple   | Entered the Ecumenical Temple
  6158 | Temple   | Became a worshipper of Warmaster Okawaru
  6607 | D:6      | Reached XP level 8. HP: 38/66 MP: 1/12
  7493 | D:7      | Found a blossoming altar of Fedhas.
  8085 | D:7      | Reached * piety under Okawaru
  8339 | D:8      | Found a sand-covered staircase.
  8346 | Ossuary  | Entered an ossuary
  8358 | Ossuary  | Reached XP level 9. HP: 71/71 MP: 7/13
  8362 | Ossuary  | Reached ** piety under Okawaru
  9336 | D:8      | Noticed a two-headed ogre
  9345 | D:8      | Killed a two-headed ogre
  9345 | D:8      | Reached *** piety under Okawaru
  9345 | D:8      | Reached skill level 1 in Invocations
  9664 | D:8      | Reached **** piety under Okawaru
  9670 | D:8      | Reached XP level 10. HP: 45/80 MP: 5/15
  9675 | D:8      | Reached skill level 5 in Fighting
 10158 | D:8      | Found a staircase to the Lair.
 10595 | Lair:1   | Entered Level 1 of the Lair of Beasts
 11099 | Lair:1   | HP: 4/83 [blink frog (13)]
 11107 | Lair:1   | Reached ***** piety under Okawaru
 11114 | Lair:1   | Received a gift from Okawaru
 11454 | Lair:1   | Noticed a black mamba
 11459 | Lair:1   | Killed a black mamba
 11459 | Lair:1   | Reached skill level 5 in Dodging
 11459 | Lair:1   | Reached skill level 5 in Evocations
 11519 | Lair:1   | Got a jewelled hunting sling
 11520 | Lair:1   | Identified the +10 hunting sling of Prescription {flame, rElec} (You found it on level 1 of the Lair of Beasts)
 11556 | Lair:1   | HP: 4/83 [blink frog (10)]
 11557 | Lair:1   | Reached skill level 5 in Invocations
 12015 | Lair:1   | Reached XP level 11. HP: 85/89 MP: 17/17
 12566 | Lair:1   | Noticed an oklob plant
 12585 | Lair:1   | Noticed an oklob plant
 12756 | Lair:1   | Noticed an oklob plant
 12756 | Lair:1   | Noticed an oklob plant
 12878 | Lair:1   | Reached skill level 10 in Unarmed Combat
 12944 | Lair:1   | Killed an oklob plant
 12950 | Lair:1   | Killed an oklob plant
 12953 | Lair:1   | HP: 1/89 [acid (15)]
 13342 | Lair:1   | Killed an oklob plant
 13362 | Lair:1   | Killed an oklob plant
 13362 | Lair:1   | Reached skill level 10 in Transmutations
 14853 | Lair:2   | Noticed an eight-headed hydra
 15300 | Lair:2   | Noticed an orb spider
 15300 | Lair:2   | Found a hole to the Spider Nest.
 15323 | Lair:2   | Killed an orb spider
 15840 | Lair:2   | Found a staircase to the Swamp.
 16166 | Lair:3   | Noticed a four-headed hydra
 16202 | Lair:3   | Noticed Nergalle
 16472 | Lair:3   | You fall through a shaft!
 16654 | Lair:4   | Noticed an eight-headed hydra
 16663 | Lair:4   | Killed an eight-headed hydra
 16736 | Lair:4   | Received a gift from Okawaru
 17115 | Lair:4   | Reached XP level 12. HP: 88/97 MP: 18/18
 17506 | Lair:4   | Noticed a four-headed hydra
 17516 | Lair:4   | Killed a four-headed hydra
 17738 | Lair:4   | Killed an eight-headed hydra
 18318 | Lair:5   | Noticed a six-headed hydra
 18336 | Lair:5   | Killed a six-headed hydra
 18336 | Lair:5   | Reached skill level 5 in Spellcasting
 18466 | Lair:5   | Noticed a five-headed hydra
 18476 | Lair:5   | Killed a five-headed hydra
 18752 | Lair:5   | Found a staircase to the Slime Pits.
 19309 | Lair:5   | Found a runed door.
 19561 | Lair:6   | Entered Level 6 of the Lair of Beasts
 19615 | Lair:6   | Reached ****** piety under Okawaru
 19615 | Lair:6   | Received a gift from Okawaru
 19829 | Lair:6   | Noticed a catoblepas
 19837 | Lair:6   | Killed a catoblepas
 20704 | Lair:6   | Reached XP level 13. HP: 78/107 MP: 16/22
 21643 | Lair:6   | Received a gift from Okawaru
 22047 | Lair:6   | Noticed a fire dragon
 22060 | Lair:6   | Killed a fire dragon
 22423 | Lair:3   | Killed Nergalle
 22803 | D:9      | Found Vooll's Distillery.
 22815 | D:9      | Bought a potion of cancellation for 120 gold pieces
 22815 | D:9      | Bought a potion of mutation for 120 gold pieces
 23320 | D:10     | Entered Level 10 of the Dungeon
 24505 | D:11     | Learned a level 6 spell: Hydra Form
 25944 | D:12     | Received a gift from Okawaru
 27117 | D:12     | Found a staircase to the Orcish Mines.
 27270 | D:12     | Reached XP level 14. HP: 118/118 MP: 15/23
 27367 | D:13     | Found a transporter.
 27472 | D:13     | Found a frozen archway.
 27642 | IceCv    | Entered an ice cave
 27753 | IceCv    | Received a gift from Okawaru
 28041 | IceCv    | Noticed a reaper
 28056 | IceCv    | Killed a reaper
 28541 | D:13     | Found a transporter.
 29131 | D:13     | Got a pair of faintly glowing gloves
 29147 | D:13     | Identified the +0 pair of gloves of Riomith {MR++ Int+3} (You found it on level 13 of the Dungeon)
 29180 | D:13     | Gained mutation: You tend to lose your temper in combat. [mutagenic glow]
 29270 | D:13     | Lost mutation: You tend to lose your temper in combat. [potion of mutation]
 29270 | D:13     | Gained mutation: You are dopey. (Int -2) [potion of mutation]
 29270 | D:13     | Gained mutation: You evolve. [potion of mutation]
 29345 | D:14     | Gained mutation: You are robust. (+10% HP) [evolution]
 29637 | D:14     | Received a gift from Okawaru
 29640 | D:14     | Got a distressingly furry shield {god gift}
 29646 | D:14     | Identified the +2 shield of the Solstice {rN++} (Okawaru gifted it to you on level 14 of the Dungeon)
 29963 | D:14     | Learned a level 7 spell: Dragon Form
 30386 | D:14     | Learned a level 2 spell: Blink
 30390 | D:14     | Found a gate to the Vaults.
 30519 | D:15     | Entered Level 15 of the Dungeon
 30646 | D:15     | Reached skill level 1 in Translocations
 30775 | D:15     | Slain by a death knight

Skill      XL: |  1  2  3  4  5  6  7  8  9 10 11 12 13 14 |
---------------+-------------------------------------------+-----
Dodging        | 2 3 5 7 8 9 |  9.4
Fighting       | 2 3 4 6 8 9 |  9.6
Transmutations | 3 4 5 7 8 9 10 11 12 13 | 13.7
Unarmed Combat | 4 5 6 7 8 9 10 11 12 13 | 13.9
Evocations     | 1 2 3 4 5 6 |  6.8
Spellcasting   | 3 4 6 |  6.6
Invocations    | 2 5 7 8 9 |  9.6
Translocations | 1 |  1.3

Action                   |  1- 3 |  4- 6 |  7- 9 | 10-12 | 13-15 || total
-------------------------+-------+-------+-------+-------+-------++-------
Melee: Unarmed           |   186 |   210 |   377 |   796 |  1074 ||  2643
       Tailslap          |    21 |    17 |    49 |    94 |   119 ||   300
       Punch             |     2 |     5 |     7 |    38 |    56 ||   108
       Headbutt          |       |     9 |     5 |    32 |    42 ||    88
       Kick              |       |     9 |    10 |    49 |    77 ||   145
 Cast: Beastly Appendage |       |    10 |     9 |    40 |    40 ||    99
       Sticks to Snakes  |       |     9 |       |    17 |       ||    26
       Blade Hands       |       |     1 |    12 |    21 |    29 ||    63
Invok: Heroism           |       |       |     3 |    20 |    20 ||    43
       Finesse           |       |       |       |       |     1 ||     1
Evoke: Wand              |       |     3 |       |    24 |     4 ||    31
  Use: Potion            |     4 |     4 |     3 |     4 |     9 ||    24
       Scroll            |     4 |     4 |     5 |    12 |     6 ||    31
 Stab: Sleeping          |     2 |     1 |       |       |     1 ||     4
       Distracted        |       |     1 |       |       |       ||     1
       Petrifying        |       |       |       |     2 |       ||     2
  Eat: Chunk             |     3 |     8 |     5 |    11 |    25 ||    52
       Ration            |       |     1 |     5 |     9 |     6 ||    21
Armor: Skin              |    62 |    34 |   120 |   173 |   280 ||   669
Dodge: Dodged            |   118 |   102 |   199 |   423 |   646 ||  1488
